 Dungeon Crawl Stone Soup version 0.24-a0-525-g9231cdc (webtiles) character file.

Game seed: 8216192844344985272

86 BigZZ40 the Vexing (level 4, 0/24 HPs)
             Began as a Deep Elf Enchanter on Aug 3, 2019.
             Slain by an adder (2 damage)
             ... on level 2 of the Dungeon.
             The game lasted 00:10:25 (1926 turns).

BigZZ40 the Vexing (Deep Elf Enchanter)             Turns: 1926, Time: 00:10:26

Health: 0/24       AC:  2    Str:  5    XL:     4   Next: 26%
Magic:  7/11       EV: 13    Int: 21    God:
Gold:   72         SH:  0    Dex: 15    Spells: 7/10 levels left

rFire    . . .     SeeInvis .   h - +1 dagger (venom)
rCold    . . .     Gourm    .   (no shield)
rNeg     . . .     Faith    .   b - +0 robe
rPois    .         Spirit   .   (no helmet)
rElec    .         Reflect  .   (no cloak)
rCorr    .         Harm     .   (no gloves)
MR       .....                  (no boots)
Stlth    +++.......             (no amulet)
HPRegen  0.08/turn              (no ring)
MPRegen  0.12/turn              (no ring)

@: lethally poisoned (0 -> -9)
A: no striking features
a: no special abilities


You were on level 2 of the Dungeon.
You were not hungry.

You visited 1 branch of the dungeon, and saw 2 of its levels.

You collected 72 gold pieces.

Inventory:

Hand Weapons
 a - a +1 dagger
 h - a +1 dagger of venom (weapon)
 l - a +0 dagger
Armour
 b - a +0 robe (worn)
 k - a +0 buckler
Scrolls
 c - a scroll of remove curse {unknown}
 e - a scroll of noise {unknown}
 f - a scroll of teleportation
Comestibles
 d - 3 rations
 g - 8 chunks of flesh


   Skills:
 + Level 0.1 Fighting
 + Level 2.0 Short Blades
 + Level 2.7 Dodging
 + Level 4.6 Stealth
 + Level 3.9 Spellcasting
 + Level 4.6 Hexes
 + Level 0.7 Ice Magic


You had 7 spell levels left.
You knew the following spells:

 Your Spells              Type           Power        Failure   Level  Hunger
a - Corona                Hex            ###....      1%          1    None
b - Ensorcelled Hibernat  Hex/Ice        ###...       6%          2    #......

Your spell library contained the following spells:

 Spells                   Type           Power        Failure   Level  Hunger
 Confuse                  Hex            ###.....     5%          3    ###....
 Tukima's Dance           Hex            ###.....     5%          3    ###....
 Dazzling Spray           Conj/Hex       ##....       14%         3    ###....


Dungeon Overview and Level Annotations

Branches:
Dungeon (2/15)

Altars:
Okawaru


Message History

The adder is lightly wounded.
You feel sick. The adder barely misses you.
You hit the adder.
The adder is heavily wounded.
The adder bites you but does no damage. The adder bites you.
You hit the adder but do no damage.
The adder looks as sick as possible!
The adder is heavily wounded.
* * * LOW HITPOINT WARNING * * *
You feel sick. The adder barely misses you.
You barely miss the adder.
The adder is heavily wounded.
The adder bites you.
* * * LOW HITPOINT WARNING * * *
You are more poisoned.
The adder poisons you!
You hit the adder but do no damage.
The adder is almost dead.
* * * LOW HITPOINT WARNING * * *
You feel sick. The adder bites you.
You die...

##..## .##÷.## ..##..##
≈..##..# ###########
.≈..##.######..........
≈.≈..#...).......####
...≈.#.######.##.#
≈.≈..#.# #.##.#
.≈...#.# #.##@#
≈.≈..#.# ####.##S#
...≈.#..
.>...##.####...
≈.≈..#.# #.............
.≈..##. #.####?####...
≈..## #...# ..##
....... .## ..#....###
## #. #.....


You could see an adder.

Vanquished Creatures
  3 adders (D:2)
  3 dart slugs
  A leopard gecko (D:1)
  3 ball pythons
  5 giant cockroaches
  6 goblins
  5 hobgoblins
  4 jackals
  6 bats
  3 frilled lizards
  6 kobolds (D:1)
  2 rats
47 creatures vanquished.

Notes
Turn   | Place    | Note
-------+----------+-------------------------------------------
     0 | D:1      | BigZZ40 the Deep Elf Enchanter began the quest for the Orb.
     0 | D:1      | Reached XP level 1. HP: 10/10 MP: 6/6
   384 | D:1      | Reached XP level 2. HP: 9/15 MP: 8/8
   394 | D:1      | Learned a level 2 spell: Ensorcelled Hibernation
   968 | D:1      | Reached XP level 3. HP: 18/19 MP: 7/10
  1467 | D:2      | Found an iron altar of Okawaru.
  1551 | D:2      | Reached XP level 4. HP: 9/24 MP: 1/11
  1926 | D:2      | Slain by an adder

Levels and vault maps discovered:
D:1:      eino_arrival_druids_welcome, layout_basic
D:2:      layout_loops_ring, okawaru_ov_weapons_minmay,
          kennysheep_cluttered_room, grunt_decor_fettered

Skill      XL: |  1  2  3  4 |
---------------+-------------+-----
Stealth        | 4 |  4.6
Short Blades   | 2 |  2.0
Fighting       | |  0.1
Dodging        | |  2.7
Spellcasting   | |  3.9
Hexes          | |  4.6
Ice Magic      | |  0.7

Action                   |  1- 3 |  4- 6 || total
-------------------------+-------+-------++-------
Melee: Dagger            |    99 |    19 ||   118
 Cast: Corona            |     3 |       ||     3
       Ensorcelled Hiber |    32 |     4 ||    36
  Use: Potion            |     2 |     1 ||     3
       Scroll            |     2 |       ||     2
 Stab: Sleeping          |    22 |     4 ||    26
  Eat: Chunk             |     3 |     1 ||     4
Armor: Robe              |    14 |     3 ||    17
Dodge: Dodged            |    67 |     5 ||    72

Table legend:
 A = Non-vault XP
 B = Vault XP
 C = Vault XP percentage of total XP
 D = Non-vault monster count
 E = Vault monster count
 F = Vault count percentage of total count
                 A         B        C        D         E       F
            +---------+---------+-------+---------+---------+-------
      Total |     123 |       0 |   0.0 |      47 |       0 |   0.0
            +---------+---------+-------+---------+---------+-------
        D:1 |      56 |       0 |   0.0 |      30 |       0 |   0.0
        D:2 |      67 |       0 |   0.0 |      17 |       0 |   0.0
            +---------+---------+-------+---------+---------+-------
